 Dungeon Crawl Stone Soup version 0.31-a0-949-g57150269e1 (webtiles) character file.

Game seed: 5253772464017238064

2709 Sanktem7 the Cleaver (level 9, -2/79 HPs)
             Began as a Minotaur Fighter on Oct 23, 2023.
             Slain by a warg (6 damage)
             ... on level 8 of the Dungeon.
             The game lasted 00:09:28 (6023 turns).

Sanktem7 the Cleaver (Minotaur Fighter)             Turns: 6023, Time: 00:09:29

Health: -2/79      AC: 13    Str: 25    XL:     9   Next: 39%
Magic:  8/8        EV:  9    Int:  5    God:
Gold:   351        SH:  5    Dex: 10    Spells: 8/8 levels left

rFire   . . .        a - +1 war axe {axe}
rCold   . . .        c - +0 buckler
rNeg    . . .        b - +0 scale mail
rPois   .            (helmet restricted)
rElec   .            q - +0 cloak
rCorr   +            (no gloves)
SInv    +            g - +2 pair of boots
Will    .....        (no amulet) Stlth
                     J - ring of see invisible
HPRegen 0.33/turn    y - ring of resist corrosion
MPRegen 0.11/turn

%: no passive effects
@: hasted, very quick
A: horns 2, retaliatory headbutt, shaggy fur 1
a: no special abilities


You were on level 8 of the Dungeon.
You visited 2 branches of the dungeon, and saw 9 of its levels.

You collected 351 gold pieces.


Innate Abilities, Weirdness & Mutations

You have a pair of horns on your head.
You reflexively headbutt those who attack you in melee.
You are covered in fur. (AC +1)


   Skills:
 + Level 7.4 Fighting
 * Level 9.4 Axes
 + Level 4.9 Throwing
 + Level 7.2 Armour
 + Level 7.2 Shields


You had 8 spell levels left.
You didn't know any spells.
Your spell library contained the following spells:

 Spells                   Type           Power      Damage    Failure   Level
 Sublimation of Blood     Necr           0%         N/A       90%         2
 Wereblood                Tmut           0%         N/A       90%         2
 Frozen Ramparts          Ice            0%         1d1       99%         3
 Petrify                  Tmut/Erth      0%         N/A       100%        4
 Metabolic Englaciation   Hex/Ice        0%         N/A       100%        5
 Summon Hydra             Summ           0%         N/A       100%        7

Inventory:

Hand Weapons
 a - a +1 war axe (weapon) {axe}
 w - the +8 whip "Ihaciug" {elec, Contam Will++ Str+2, mace}
   (You found it on level 3 of the Dungeon)

   Str+2:     It affects your strength (+2).
   Will++:    It greatly increases your willpower.
   Contam:    It causes magical contamination when unequipped.
 A - a +2 short sword of speed {short}
   (You took it off a kobold on level 8 of the Dungeon)
 B - a +0 triple sword {longrare=g}
   (You found it on level 5 of the Dungeon)
Missiles
 i - 29 stones {throwing}
 x - 5 poisoned darts {throwing}
 z - a curare-tipped dart {=fthrowing}
 F - 4 atropa-tipped darts {throwing}
Armour
 b - a +0 scale mail (worn)
 c - a +0 buckler (worn)
 g - a +2 pair of boots (worn)
   (You found it on level 1 of the Dungeon)
 q - a +0 cloak (worn)
   (You found it on level 7 of the Dungeon)
Jewellery
 n - a ring of wizardry
   (You found it on level 7 of the Dungeon)
 y - a ring of resist corrosion (right hand)
   (You found it on level 5 of the Dungeon)
 J - a ring of see invisible (left hand)
   (You found it on level 6 of the Dungeon)
Wands
 r - a wand of mindburst (17)
   (You took it off an orc on level 8 of the Dungeon)
Scrolls
 e - a scroll of revelation
 o - a scroll of fear
 t - a scroll of immolation {!r!r}
 v - a scroll of blinking {!r}
 C - a scroll of amnesia
 D - a scroll of teleportation {@r4}
Potions
 d - 2 potions of might
 j - 2 potions of enlightenment
 k - 3 potions of brilliance
 l - a potion of mutation {!q}
 m - 2 potions of degeneration {!q@e2}
 p - a potion of ambrosia {unknown}
 s - 6 potions of curing {@q1}
 u - a potion of heal wounds {unknown}
 I - a potion of resistance {unknown}

Dungeon Overview and Level Annotations

Branches:
Dungeon (8/15) Zot: 26861  Temple (1/1) D:7 Zot: 5990    Lair (0/5) D:8

Altars:
Ashenzari
Dithmenos
Elyvilon
Fedhas
Gozag
Hepliaklqana
Kikubaaqudgha
Makhleb
Nemelex Xobeh
Qazlal
Ru
Trog
Xom
Yredelemnul
Zin

Annotations:
D:4 Dowan, Duvessa
D:5 3 runed translucent doors, Elsrick's ghost, novice HuMo

...<..# ......## ..
..##.... ...#...# ...
...#.....
...#...####.####....P...
..............##........
......................>.
)†......# #...o.......
))...#### #..hh#......
.##...#######..†@o#
###...##.#.<......#
.###...#..........# .#
#.....####.....#
######..### #........
..........# .#.[>#....
.#.............####...
##...#.......... ...
....##........... ..


You could see 2 wargs, an orc priest and an orc.


Message History

You see here a kobold corpse.
Found a stone staircase leading up.
Found a stone staircase leading down.
A warg comes into view.
The warg howls!
You hear a shout!
You hear a howl!
An orc comes into view. It is wielding a +0 short sword.
An orc priest comes into view. It is wielding a +0 mace.
The warg moves out of view.
There are monsters nearby!
A warg comes into view.
Found a staircase to the Lair.
An orc priest comes into view. It is wielding a +0 short sword.
The orc priest shouts!
A warg comes into view.
An orc comes into view. It is wielding a +0 hand axe.
The orc priest moves out of view.
You barely miss the orc. The orc hits you but does no damage.
You closely miss the orc.
The orc priest casts a cantrip, but nothing happens.
The orc hits you but does no damage.
You hit the orc priest. Your headbutt misses the orc priest.
You barely miss the orc. The orc closely misses you.
The orc priest barely misses you.
You closely miss the orc priest. You headbutt the orc priest.
You closely miss the orc. The orc hits you but does no damage.
The orc priest casts a cantrip, but nothing happens.
The warg stops to sniff the ground.
The warg bites you but does no damage.
You hit the orc priest but do no damage.
You headbutt the orc priest! You hit the warg. You closely miss the orc.
You block the orc's attack.
The orc priest mumbles some strange prayers to Beogh against you.
Pain shoots through your body!
You slash the orc priest!
You kill the orc priest!
You hit the warg but do no damage. You closely miss the orc.
The orc barely misses you. The warg closely misses you.
You furiously retaliate!
You headbutt the warg! You hit the warg. You hit the warg but do no damage.
You barely miss the orc. The warg barely misses you. You furiously retaliate!
You headbutt the warg, but do no damage.
You block the warg's attack. The orc hits you with a +0 short sword.
The warg bites you! x2; The orc hits you but does no damage.
You are too injured to fight recklessly!
You are too injured to fight recklessly!
You are too injured to fight recklessly! 😮 HP[-29]
You take 29 damage, and now have 50/79 hp.
MASSIVE DAMAGE!! (PAUSE)
You barely miss the warg. You barely miss the orc. You barely miss the warg.
You barely miss the orc. The warg bites you. The warg bites you!
* * * LOW HITPOINT WARNING * * *
The orc barely misses you. You block the orc's attack. 😨 HP[-16]
You take 16 damage, and now have 34/79 hp.
MASSIVE DAMAGE!! (PAUSE)
You slash the warg! You headbutt the warg! You slash the orc!
You kill the orc!
You barely miss the orc. You hit the warg but do no damage. The warg bites you.
* * * LOW HITPOINT WARNING * * *
The warg barely misses you. The warg bites you!
* * * LOW HITPOINT WARNING * * *
The warg bites you but does no damage. 😨 HP[-12]
You take 12 damage, and now have 22/79 hp.
You barely miss the warg. You hit the orc priest. You closely miss the warg.
You slash the warg!
The warg bites you but does no damage. x2
You block the warg's attack.
The orc priest hits you with a +0 short sword.
* * * LOW HITPOINT WARNING * * *
😨 HP[-2]
You take 2 damage, and now have 20/79 hp.
You closely miss the warg. You completely miss the orc priest.
You barely miss the warg. x2; The warg bites you.
* * * LOW HITPOINT WARNING * * *
The warg bites you but does no damage. The warg bites you.
* * * LOW HITPOINT WARNING * * *
The orc priest looks encouraged for a moment. 😱 HP[-6]
You take 6 damage, and now have 14/79 hp.
Sorry, you're not good enough to have a special ability.
It was a potion of mutation.
You feel extremely strange. Fur sprouts all over your body.
The warg barely misses you. x2; The warg bites you but does no damage.
The orc priest hits you but does no damage.
You block the warg's attack. The warg bites you!
* * * LOW HITPOINT WARNING * * *
😱 HP[-7]
You take 7 damage, and now have 7/79 hp.
It was a potion of magic.
Magic courses through your body. The warg closely misses you.
You furiously retaliate!
You headbutt the warg!
The warg bites you but does no damage. x2
The orc priest hits you but does no damage.
The warg barely misses you. You furiously retaliate!
You headbutt the warg!
You kill the warg! 😱 HP[+1] It was a potion of haste.
You feel yourself speed up. The warg bites you.
* * * LOW HITPOINT WARNING * * *
The warg bites you.
You die...

Skill      XL: |  1  2  3  4  5  6  7  8  9 |
---------------+----------------------------+-----
Axes           | 3 4 5 7 8 9 |  9.4
Armour         | 4 5 6 7 |  7.2
Shields        | 4 5 6 7 |  7.2
Fighting       | 4 5 6 7 |  7.4
Throwing       | 1 2 3 4 |  4.9

Action                     |  1- 3 |  4- 6 |  7- 9 || total
---------------------------+-------+-------+-------++-------
  Melee: War axe           |    64 |    84 |   219 ||   367
         Headbutt          |     6 |     9 |    38 ||    53
    Use: Scroll            |       |       |    14 ||    14
         Potion            |       |       |     3 ||     3
 Armour: Scale mail        |    43 |    62 |   207 ||   312
  Dodge: Dodged            |    35 |    51 |   125 ||   211
  Block: Buckler           |    15 |    21 |    59 ||    95

Levels and vault maps discovered:
D:1:      elethiomel_arrival_shortcut, layout_basic, minmay_strange_pillars,
          st_stairs_11
D:2:      layout_rooms, ebering_ecumenical_altar_sacrificial, uniq_sigmund
D:3:      layout_loops_corners, kennysheep_generic_room_10
D:4:      layout_gridville, grunt_temple_overflow_order_and_chaos_2,
          nicolae_overflow_hidden_temple, uniq_duvessa
D:5:      layout_loops_corners, biasface_ghost_orc_armoury, uniq_edmund,
          uniq_ijyb
D:6:      layout_loops_cross, minmay_misc_feat_diagonals, minivault_23,
          nicolae_houndstooth_variations
D:7:      layout_loops_ring, minmay_temple_entry_mist, minmay_statues_item,
          kennysheep_generic_room_12
D:8:      layout_cave_pools, minmay_overflow_temple_star_quad,
          jmf_multi_god_temple2, erik_lair_orcish_takeover, serial_shops,
          nicolae_shop_overgrown_old_shop
Temple:   nicolae_temple_ecumenical_triangle

Notes
Turn   | Place    | Note
-------+----------+-------------------------------------------
     0 | D:1      | Sanktem7 the Minotaur Fighter began the quest for the Orb.
     0 | D:1      | Reached XP level 1. HP: 19/19 MP: 0/0
     0 | D:1      | magus.rc [v1.9.6]
    51 | D:1      | Reached XP level 2. HP: 20/27 MP: 1/1
    89 | D:1      | Reached skill level 3 in Axes
   729 | D:2      | Reached skill level 4 in Armour
   729 | D:2      | Reached skill level 4 in Shields
   729 | D:2      | Reached XP level 3. HP: 33/33 MP: 2/2
   730 | D:2      | Reached skill level 4 in Fighting
   820 | D:2      | Noticed Sigmund
   840 | D:2      | Killed Sigmund
   841 | D:2      | Reached skill level 4 in Axes
   841 | D:2      | Reached skill level 1 in Throwing
   841 | D:2      | Reached XP level 4. HP: 16/41 MP: 3/3
   841 | D:2      | Reached XP level 5. HP: 19/47 MP: 4/4
  1000 | D:2      | Found a faded altar of an unknown god.
  1182 | D:2      | You pick up a book of Blood and begin reading...
  1182 | D:2      | You add the spells Sublimation of Blood, Wereblood and
                  | Summon Hydra to your library.
  1495 | D:3      | Identified the +8 whip "Ihaciug" {elec, Contam Will++
                  | Str+2}
  2085 | D:3      | Noticed a phantom
  2093 | D:3      | Killed a phantom
  2094 | D:3      | Reached skill level 5 in Axes
  2094 | D:3      | Reached XP level 6. HP: 55/55 MP: 5/5
  2192 | D:4      | Noticed a blizzard demon
  2192 | D:4      | Found a burning altar of Makhleb.
  2211 | D:4      | Reached skill level 2 in Throwing
  2259 | D:4      | Found a glowing silver altar of Zin.
  2259 | D:4      | Noticed an angel
  2403 | D:4      | Reached skill level 5 in Fighting
  2403 | D:4      | Reached skill level 5 in Shields
  2437 | D:4      | Reached skill level 5 in Armour
  2445 | D:4      | Reached XP level 7. HP: 41/61 MP: 6/6
  2529 | D:4      | Noticed Duvessa
  2529 | D:4      | Noticed Dowan
  2693 | D:5      | Entered Level 5 of the Dungeon
  2713 | D:5      | Noticed Ijyb
  2751 | D:5      | Killed Ijyb
  2839 | D:5      | Reached skill level 6 in Axes
  2885 | D:5      | B - a +0 triple sword {longrare=g}
  3024 | D:5      | Noticed Edmund
  3033 | D:5      | Killed Edmund
  3141 | D:5      | Reached skill level 3 in Throwing
  3375 | D:5      | Reached skill level 7 in Axes
  3375 | D:5      | Reached XP level 8. HP: 59/70 MP: 7/7
  3455 | D:5      | Reached skill level 6 in Fighting
  3458 | D:5      | Found a runed translucent gate.
  3458 | D:5      | Found a runed translucent gate.
  3458 | D:5      | Found a runed translucent gate.
  3514 | D:5      | Noticed Elsrick's ghost (novice HuMo)
  3653 | D:5      | Reached skill level 6 in Armour
  3653 | D:5      | Reached skill level 6 in Shields
  4306 | D:6      | Reached skill level 4 in Throwing
  4466 | D:6      | Reached skill level 8 in Axes
  4963 | D:6      | You drop a +0 triple sword {longrare=g}.
  4975 | D:6      | B - a +0 triple sword {longrare=g}
  5207 | D:7      | Reached XP level 9. HP: 69/78 MP: 8/8
  5353 | D:7      | Reached skill level 7 in Fighting
  5457 | D:7      | Found a staircase to the Ecumenical Temple.
  5465 | Temple   | Entered the Ecumenical Temple
  5502 | D:7      | Reached skill level 9 in Axes
  5591 | D:7      | Reached skill level 7 in Armour
  5591 | D:7      | Reached skill level 7 in Shields
  5654 | D:7      | You pick up a book of Sloth and begin reading...
  5654 | D:7      | You add the spells Frozen Ramparts, Petrify and Metabolic
                  | Englaciation to your library.
  5826 | D:7      | You drop a +0 triple sword {longrare=g}.
  5833 | D:7      | B - a +0 triple sword {longrare=g}
  6008 | D:8      | Found a staircase to the Lair.
  6020 | D:8      | HP: 19/79 [warg (1)]
  6021 | D:8      | Gained mutation: You are covered in fur. (AC +1) [potion of
                  | mutation]
  6021 | D:8      | HP: 7/79 [warg (7)]
  6023 | D:8      | Slain by a warg

Vanquished Creatures
  Sigmund (D:2)
  A warg (D:8)
  Edmund (D:5)
  2 water moccasins
  2 ice beasts
  3 orc warriors
  4 black bears
  A phantom (D:3)
  A kobold brigand (D:8)
  A bullfrog (D:7)
  7 scorpions
  A howler monkey (D:5)
  4 hounds
  5 orc priests
  A sleepcap (D:6)
  Ijyb (D:5)
  2 iguanas (D:5)
  2 orc wizards
  4 gnolls (D:6)
  7 adders
  A shadow imp (D:7)
  A white imp (D:6)
  4 ufetubi (D:6)
  2 worms
  16 orcs
  2 endoplasms
  3 giant cockroaches (D:1)
  7 goblins
  2 hobgoblins (D:2)
  6 jackals
  A quokka (D:2)
  11 ball pythons
  4 bats
  3 frilled lizards
  12 kobolds
  4 rats
130 creatures vanquished.

Table legend:
 A = Non-vault XP
 B = Vault XP
 C = Vault XP percentage of total XP
 D = Non-vault monster count
 E = Vault monster count
 F = Vault count percentage of total count
                 A         B        C        D         E       F
            +---------+---------+-------+---------+---------+-------
      Total |    2987 |     884 |  22.8 |     118 |      12 |   9.2
            +---------+---------+-------+---------+---------+-------
        D:1 |      23 |       5 |  17.9 |      15 |       3 |  16.7
        D:2 |      59 |     223 |  79.1 |      19 |       1 |   5.0
        D:3 |      42 |     107 |  71.8 |      12 |       1 |   7.7
        D:4 |     362 |       0 |   0.0 |      14 |       0 |   0.0
        D:5 |     867 |     194 |  18.3 |      17 |       2 |  10.5
        D:6 |     779 |       0 |   0.0 |      19 |       0 |   0.0
        D:7 |     616 |     139 |  18.4 |      14 |       2 |  12.5
        D:8 |     239 |     216 |  47.5 |       8 |       3 |  27.3
            +---------+---------+-------+---------+---------+-------

Skill      XL: |  1  2  3  4  5  6  7  8  9 |
---------------+----------------------------+-----
Axes           | 3 4 5 7 8 9 |  9.4
Armour         | 4 5 6 7 |  7.2
Shields        | 4 5 6 7 |  7.2
Fighting       | 4 5 6 7 |  7.4
Throwing       | 1 2 3 4 |  4.9

Action                     |  1- 3 |  4- 6 |  7- 9 || total
---------------------------+-------+-------+-------++-------
  Melee: War axe           |    64 |    84 |   219 ||   367
         Headbutt          |     6 |     9 |    38 ||    53
    Use: Scroll            |       |       |    14 ||    14
         Potion            |       |       |     3 ||     3
 Armour: Scale mail        |    43 |    62 |   207 ||   312
  Dodge: Dodged            |    35 |    51 |   125 ||   211
  Block: Buckler           |    15 |    21 |    59 ||    95

Illustrated notes

Table legend:
 A = Kills in this place as a percentage of kills in the entire game.
 B = Kills by you in this place as a percentage of kills by you in the entire game.
 C = Kills by friends in this place as a percentage of kills by friends in the entire game.
 D = Other kills in this place as a percentage of other kills in the entire game.
 E = Experience gained in this place as a percentage of experience gained in the entire game.
 F = Experience gained in this place divided by the number of levels of this place that you have seen.
                   A       B       C       D       E      F
               +-------+-------+-------+-------+-------+----------------------
         Total | 100.0 | 100.0 |   N/A |   N/A | 100.0 | 430.1
       Dungeon | 100.0 | 100.0 |   N/A |   N/A | 100.0 | 483.9
               +-------+-------+-------+-------+-------+----------------------

Table legend: (Time is in decaauts)
 A = Elapsed time spent in this place.
 B = Non-inter-level travel time spent in this place.
 C = Inter-level travel time spent in this place.
 D = Time resting spent in this place.
 E = Time spent auto-exploring this place.
 F = Levels seen in this place.
 G = Mean time per level.
                   A        B        C        D        E       F      G
               +--------+--------+--------+--------+--------+-----+--------+
         Total |   6108 |   5938 |    170 |     46 |   4971 |   9 |  678.7 |
       Dungeon |   6098 |   5928 |    170 |     46 |   4971 |   8 |  762.2 |
        Temple |      9 |      9 |      0 |      0 |      0 |   1 |    9.0 |
               +--------+--------+--------+--------+--------+-----+--------+

Top non-repeatable levels by time:
     D:5: 1433 daAuts
     D:6: 1011 daAuts
     D:3: 882 daAuts
     D:7: 775 daAuts
     D:1: 706 daAuts
     D:2: 642 daAuts
     D:4: 510 daAuts
     D:8: 137 daAuts
  Temple: 9 daAuts
